 Dungeon Crawl Stone Soup version 0.19.0-19-g8c6edcc (webtiles) character file.

3175 Charly the Cleaver (level 9, -20/79 HPs)
             Began as a Minotaur Berserker on Nov 15, 2016.
             Was a Believer of Trog.
             Demolished by a death yak (22 damage)
             ... on level 2 of the Lair of Beasts.
             The game lasted 00:10:52 (1385 turns).

Charly the Cleaver (Minotaur Berserker)             Turns: 1385, Time: 00:10:52

Health: -20/79     AC: 15    Str: 25    XL:     9   Next: 63%
Magic:  8/8        EV: 11    Int:  4    God:    Trog [**....]
Gold:   131        SH:  0    Dex: 14    Spells: 0 memorised, 8 levels left

rFire  + . .     SeeInvis .     s - +0 war axe
rCold  . . .     Gourm    .     C - +1 chain mail of the Rabble {rF+ Str+4} (curse)
rNeg   . . .     Faith    .     (no shield)
rPois  .         Spirit   .     (helmet restricted)
rElec  .         Reflect  .     (no cloak)
rCorr  .         Harm     .     (no gloves)
MR     +....                    (no boots)
Stlth  ..........               q - amulet of rage
                                z - +4 ring of protection
                                B - ring of protection from magic

@: exhausted, about to teleport, slowed, very slow
A: retaliatory headbutt, horns 2
a: Berserk, Trog's Hand, Burn Spellbooks, Renounce Religion, Evoke Berserk Rage


You were on level 2 of the Lair of Beasts.
You worshipped Trog.
Trog was pleased with you.
You were not hungry.

You visited 2 branches of the dungeon, and saw 11 of its levels.

You collected 131 gold pieces.

Inventory:

Hand Weapons
 s - a +0 war axe (weapon)
Armour
 C - the cursed +1 chain mail of the Rabble (worn) {rF+ Str+4}
   (You found it on level 1 of the Lair of Beasts)

   It affects your strength (+4).
   It protects you from fire.
   It has a curse placed upon it.
Jewellery
 k - an uncursed ring of flight
 q - an amulet of rage (around neck)
 z - a +4 ring of protection (right hand)
 B - a ring of protection from magic (left hand)
Wands
 l - a wand of iceblast (4/15)
 r - a wand of confusion (18/48)
 t - a wand of digging (12/24)
 A - a wand of random effects (42/48)
Scrolls
 f - 2 scrolls of amnesia
 i - 2 scrolls of teleportation
 m - a scroll of magic mapping {unknown}
 n - a scroll of fog {unknown}
 o - 2 scrolls of random uselessness {unknown}
 p - 3 scrolls of identify {unknown}
 v - 4 scrolls of remove curse {unknown}
 x - a scroll of blinking {unknown}
 y - a scroll of enchant weapon {unknown}
Potions
 a - a potion of berserk rage {unknown}
 e - 2 potions of curing {unknown}
 h - 2 potions of might {unknown}
 j - 2 potions of haste {unknown}
 w - 2 potions of invisibility {unknown}
 D - a potion of magic {unknown}
Comestibles
 c - a bread ration
 d - 2 fruits
 g - 2 meat rations


   Skills:
 + Level 7.2 Fighting
 * Level 12.6 Axes
 + Level 6.6 Armour
 + Level 5.4 Dodging


You had 8 spell levels left.
You didn't know any spells.

Dungeon Overview and Level Annotations

Branches:
Dungeon (8/15)             Temple (0/1) D:7            Lair (3/6) D:8
  Swamp: Lair:2-4    Shoals: Lair:2-4     Snake: Lair:2-4    Spider: Lair:2-4

Altars:

Shops:
D:5 =

Annotations:
Lair:2 exclusion: 2 oklob plants, UristPineapples's ghost, journeyman TrWr


Innate Abilities, Weirdness & Mutations

You reflexively headbutt those who attack you in melee.
You have a pair of horns on your head.


Message History

The death yak gores you but does no damage.
Unknown command.
Okay, then.
The death yak closely misses you.
As you read the scroll labeled JIMMAL XOLA, it crumbles to dust.
It is a scroll of amnesia.
You feel forgetful for a moment.
The death yak gores you but does no damage. x2
Unknown command.
As you read the scroll labeled HYVO WAWUSK, it crumbles to dust.
You feel strangely unstable.
It was a scroll of teleportation.
The death yak closely misses you.
The death yak gores you but does no damage. x2
The death yak barely misses you.
Okay, then.
The death yak gores you!
* * * LOW HITPOINT WARNING * * *
Unknown command.
The death yak gores you!!
You die...

..#.###.##P#
>.........#
#####.#........
##.#............
...##....<..........
#......†.#......P.
#.....#####YY.....#
....... #.Y...####
.....#. #@....#
..##.##.P..#....# ⌠
. #..P###....# . #
.... ....## . #..
#..## . ## ...# #
... #.. ... ...


You could see 3 death yaks.

Vanquished Creatures
  2 death yaks (Lair:2)
  A spiny frog (Lair:1)
  A komodo dragon (Lair:2)
  3 water moccasins
  2 porcupines
  A sky beast (D:6)
  A phantom (D:6)
  3 wolves (Lair:2)
  A crocodile (Lair:1)
  Blork the orc (D:6)
  A bullfrog (Lair:1)
  A scorpion (D:6)
  3 crimson imps
  A hound (D:7)
  A centaur skeleton (D:6)
  A worker ant (D:5)
  4 gnolls (D:2)
  An adder (D:7)
  A worm (D:2)
  A dart slug (D:1)
  3 leopard geckos
  An orc (D:8)
  A bat (D:3)
  4 giant cockroaches
  A hobgoblin (D:3)
  2 kobolds
  2 quokkas
  3 goblins
  A rat (D:2)
49 creatures vanquished.

Notes
Turn   | Place    | Note
-------+----------+-------------------------------------------
     0 | D:1      | Charly the Minotaur Berserker began the quest for the Orb.
     0 | D:1      | Reached XP level 1. HP: 19/19 MP: 0/0
    34 | D:1      | Reached skill level 4 in Axes
    85 | D:2      | Reached XP level 2. HP: 26/26 MP: 1/1
   156 | D:2      | Reached skill level 5 in Axes
   156 | D:2      | Reached XP level 3. HP: 31/31 MP: 2/2
   342 | D:3      | Found a faded altar of an unknown god.
   423 | D:5      | Entered Level 5 of the Dungeon
   454 | D:5      | Reached skill level 6 in Axes
   454 | D:5      | Reached XP level 4. HP: 39/39 MP: 3/3
   520 | D:6      | Reached ** piety under Trog
   550 | D:6      | Reached skill level 7 in Axes
   550 | D:6      | Reached XP level 5. HP: 45/45 MP: 4/4
   617 | D:6      | Noticed a phantom
   620 | D:6      | Noticed a sky beast
   626 | D:6      | Killed a sky beast
   626 | D:6      | Reached skill level 8 in Axes
   626 | D:6      | Reached XP level 6. HP: 36/51 MP: 5/5
   668 | D:6      | Reached skill level 9 in Axes
   694 | D:5      | Found Dinitzau's Jewellery Shop.
   715 | D:6      | Noticed Blork the orc
   721 | D:6      | Killed Blork the orc
   749 | D:6      | You fall through a shaft!
   765 | D:7      | Reached XP level 7. HP: 41/57 MP: 6/6
   871 | D:7      | Found a staircase to the Ecumenical Temple.
  1023 | D:8      | Found a staircase to the Lair.
  1032 | Lair:1   | Entered Level 1 of the Lair of Beasts
  1068 | Lair:1   | Reached skill level 10 in Axes
  1130 | Lair:1   | Got a transparent chain mail
  1141 | Lair:1   | Identified the cursed +1 chain mail of the Rabble {rF+ Str+4} (You found it on level 1 of the Lair of Beasts)
  1201 | Lair:2   | Reached XP level 8. HP: 49/67 MP: 7/7
  1211 | Lair:2   | Noticed an oklob plant
  1211 | Lair:2   | Noticed an oklob plant
  1222 | Lair:2   | Noticed a komodo dragon
  1236 | Lair:2   | Killed a komodo dragon
  1236 | Lair:2   | Reached skill level 5 in Fighting
  1275 | Lair:2   | Noticed UristPineapples's ghost (journeyman TrWr)
  1279 | Lair:3   | Noticed a five-headed hydra
  1282 | Lair:2   | Noticed a death yak
  1298 | Lair:1   | Reached skill level 11 in Axes
  1326 | Lair:1   | Noticed a spiny frog
  1330 | Lair:1   | Killed a spiny frog
  1330 | Lair:1   | Reached skill level 5 in Armour
  1357 | Lair:2   | Noticed a death yak
  1357 | Lair:2   | Noticed a death yak
  1357 | Lair:2   | Noticed a death yak
  1359 | Lair:2   | Noticed a death yak
  1370 | Lair:2   | Killed a death yak
  1370 | Lair:2   | Reached skill level 12 in Axes
  1370 | Lair:2   | Reached XP level 9. HP: 78/78 MP: 8/8
  1380 | Lair:2   | Killed a death yak
  1380 | Lair:2   | Reached skill level 5 in Dodging
  1384 | Lair:2   | HP: 2/79 [death yak (8)]
  1385 | Lair:2   | Demolished by a death yak

Skill      XL: |  1  2  3  4  5  6  7  8  9 |
---------------+----------------------------+-----
Axes           | 4 5 6 7 8 9 10 12 | 12.6
Fighting       | 4 6 7 |  7.2
Armour         | 3 6 |  6.6
Dodging        | 4 5 |  5.4

Action                   |  1- 3 |  4- 6 |  7- 9 || total
-------------------------+-------+-------+-------++-------
Melee: Hand axe          |    38 |    44 |       ||    82
       Headbutt          |     6 |     8 |    10 ||    24
       War axe           |       |     4 |    60 ||    64
Invok: Berserk           |     3 |     3 |     4 ||    10
       Trog's Hand       |       |     1 |       ||     1
  Use: Scroll            |       |       |     2 ||     2
  Eat: Chunk             |       |     5 |     2 ||     7
       Fruit             |       |     1 |       ||     1
       Bread ration      |       |       |     1 ||     1
Armor: Animal skin       |     7 |     2 |       ||     9
       Plate armour      |       |       |    15 ||    15
       Chain mail        |       |       |    41 ||    41
Dodge: Dodged            |    29 |    29 |    36 ||    94
